 Dungeon Crawl Stone Soup version 0.20.0-8-g6b59dc7 (webtiles) character file.

12811 inmateoo the Martial Artist (level 11, -10/53 HPs)
             Began as a Vine Stalker Assassin on May 30, 2017.
             Was a Believer of Hepliaklqana.
             Shot with a bolt by an orc warrior (25 damage)
             ... in a bailey.
             The game lasted 00:26:29 (10272 turns).

inmateoo the Martial Artist (VSAs)                 Turns: 10272, Time: 00:26:30

Health: -10/53     AC: 10    Str: 14    XL:     11   Next: 99%
Magic:  0/18       EV: 17    Int: 11    God:    Hepliaklqana [**....]
Gold:   666        SH:  0    Dex: 19    Spells: 15/18 levels left

rFire    . . .     SeeInvis .   B - +4 dagger (venom)
rCold    . . .     Gourm    .   (no shield)
rNeg     . . .     Faith    .   n - +0 leather armour
rPois    +         Spirit   +   m - +1 helmet
rElec    .         Reflect  .   d - +0 cloak
rCorr    .         Harm     .   S - +2 pair of gloves
MR       +....                  h - +0 pair of boots
Stlth    +++++.....             (no amulet)
Regen    1.4/turn               k - ring of stealth
MPRegen  0.2/turn               V - ring of poison resistance

@: no status effects
A: reduced essence, fangs 3, regeneration 3, magic shield, antimagic bite, no
potion heal 3, rot immunity
a: Recall Ancestor, Ancestor Identity, Renounce Religion


You were in a bailey.
You worshipped Hepliaklqana.
Hepliaklqana was pleased with you.
You were not hungry.

You visited 2 branches of the dungeon, and saw 12 of its levels.
You also visited: Sewer and Bailey.

You collected 666 gold pieces.

Inventory:

Hand Weapons
 b - a +0 blowgun
 r - a +0 scimitar of flaming
 B - a +4 dagger of venom (weapon)
 L - the +7 scimitar of War {pain, +Inv rF++ Str+4}
   (You found it on level 6 of the Dungeon)

   In the hands of one skilled in necromantic magic, it inflicts extra damage on
   living creatures.
   It affects your strength (+4).
   It greatly protects you from fire.
   It lets you turn invisible.
 Z - a +2 halberd of venom
Missiles
 e - 28 poisoned needles
 u - a curare-tipped needle
 H - 8 needles of sleeping
Armour
 d - a +0 cloak (worn)
 h - a +0 pair of boots (worn)
 m - a +1 helmet (worn)
 n - a +0 leather armour (worn)
 S - a +2 pair of gloves (worn)
Jewellery
 k - a ring of stealth (left hand)
 C - an uncursed ring of flight
 K - a +5 ring of intelligence
 V - a ring of poison resistance (right hand)
Wands
 a - a wand of random effects (21/48)
 p - a wand of polymorph (8/24)
 s - a wand of digging (14/24)
 v - a wand of lightning (7/15)
 D - a wand of confusion (1/48)
 F - a wand of confusion (0/48)
 M - a wand of iceblast (0/15)
 X - a wand of polymorph (18/24)
Scrolls
 c - 2 scrolls of amnesia
 j - 3 scrolls of remove curse
 t - 8 scrolls of teleportation
 y - a scroll of blinking
 E - a scroll of enchant armour
 J - 3 scrolls of magic mapping
Potions
 l - 2 potions of resistance
 o - 8 potions of curing
 q - 3 potions of mutation
 w - 2 potions of magic
 x - 3 potions of brilliance
 z - a potion of haste
 A - 2 potions of might {unknown}
 P - a potion of ambrosia {unknown}
 Q - 3 potions of lignification {unknown}
Comestibles
 g - 5 bread rations
 i - 7 fruits
 G - 4 meat rations


   Skills:
 + Level 7.7 Fighting
 + Level 4.7 Short Blades
 - Level 1.7 Throwing
 + Level 7.0 Dodging
 + Level 9.1 Stealth
 * Level 11.9 Unarmed Combat
 + Level 4.0 Spellcasting


You had 15 spell levels left.
You knew the following spells:

 Your Spells              Type           Power        Failure   Level  Hunger
a - Apportation           Tloc           #.....       30%         1    #......
b - Swiftness             Chrm/Air       #.......     41%         2    ##.....


Dungeon Overview and Level Annotations

Branches:
Dungeon (11/15)            Temple (1/1) D:6            Lair (0/6) D:10
    Orc (0/2) D:11

Altars:
Ashenzari
Dithmenos
Elyvilon
Fedhas
Hepliaklqana
Kikubaaqudgha
Makhleb
Nemelex Xobeh
Okawaru
Ru
Trog
Uskayaw
Yredelemnul
Zin

Shops:
D:7 (

Annotations:
D:4 exclusion: oklob plant
D:8 Gastronok


Innate Abilities, Weirdness & Mutations

You have razor-sharp teeth.
You regenerate.
When hurt, damage is shared between your health and your magic reserves.
Your bite disrupts and absorbs the magic of your enemies.
Potions cannot restore your health.
You are immune to rotting.
Your life essence is reduced. (-10% HP)


Message History

Press: ? - help, Shift-Dir - straight line, f/p - orc warrior
Aim: an orc warrior, wielding a halberd and wearing a ring mail (moderately wounded, chance to defeat MR: 46%)
The orc warrior resists with some effort.
Evoking this partially-identified wand wasted a few charges.
Unknown command.
Unknown command.
Evoke which item? (* to show all) (? for menu, Esc to quit)
Aiming: Polymorph (will waste charges)
Press: ? - help, Shift-Dir - straight line, f/p - orc warrior
Aim: an orc warrior, wielding a halberd and wearing a ring mail (moderately wounded, chance to defeat MR: 46%)
The orc warrior resists with some effort.
Evoking this partially-identified wand wasted a few charges.
The orc warrior shoots a bolt.
The bolt hits you!
The orc warrior hits you from afar with a halberd!!
* * * LOW HITPOINT WARNING * * *
Unknown command.
Unknown command.
Unknown command.
The orc warrior shoots a bolt.
The bolt hits you!!
You die...

## ### #.#
#########∩#########
[..##.....##...##.....##
}..#..≈≈≈..#...#@(≈≈≈..#
...#.≈≈.≈≈...o.(.≈≈.≈≈.#
...(.≈)..≈../../.≈.).≈.+
...#.≈≈.≈≈(o..(..≈≈)≈≈.#
...#..≈≈≈(.#...#..≈≈≈..#
$o.##.....##.∩.##.....##
#.# #########∩#########
## ###


You could see 2 orc warriors.

Vanquished Creatures
  A hydra (D:10)
  A two-headed ogre (D:8)
  The ghost of Turgon the Covert, a novice OpTm of Ashenzari (D:9)
  2 orc knights (Bailey)
  Pikel (D:4)
  An ugly thing (D:11)
  Grinder (D:4)
  A hornet (D:8)
  A blink frog (Bailey)
  2 hippogriffs
  Eustachio (D:5)
  2 yaks (D:10)
  Edmund (D:4)
  A water moccasin (D:8)
  5 porcupines
  Duvessa (D:7)
  A slave (D:4)
  10 orc warriors
  A sky beast (D:8)
  2 ice beasts
  A black bear (D:7)
  2 phantoms
  2 ogres
  A necrophage (D:9)
  A wolf (D:11)
  A big kobold (D:7)
  A crocodile (D:10)
  4 bullfrogs
  Dowan (D:7)
  A wyvern skeleton (D:10)
  4 scorpions
  A water moccasin skeleton (D:8)
  5 wights
  A howler monkey (D:5)
  2 crimson imps (D:5)
  4 jellies
  A centaur skeleton (D:5)
  2 bullfrog skeletons
  9 hounds
  6 orc priests
  Crazy Yiuf (D:3)
  4 orc wizards
  Ijyb (D:5)
  5 worker ants
  A hound skeleton (D:6)
  2 worker ant zombies
  Robin (D:2)
  7 gnolls
  11 adders
  A river rat (D:3)
  2 shadow imps (D:5)
  An ooze (D:5)
  An adder zombie (D:6)
  An adder skeleton (D:9)
  A worm (D:2)
  2 dart slugs
  8 leopard geckos
  51 orcs
  A giant cockroach (D:3)
  16 goblins
  7 hobgoblins
  9 jackals
  5 quokkas
  4 ball pythons (Sewer)
  7 frilled lizards
  A jackal skeleton (D:8)
  12 kobolds
  2 leopard gecko skeletons
  A quokka skeleton (D:8)
  A quokka zombie (D:9)
  9 rats
  A fungus (D:10)
  4 plants
268 creatures vanquished.

Vanquished Creatures (collateral kills)
  2 two-headed ogres
  Erica (D:10)
  A troll (D:9)
  A hungry ghost (D:9)
  An ice beast (D:9)
  An ogre (D:7)
  6 wights
  A quasit (D:8)
  A hound (D:9)
  A jelly (D:6)
  A bullfrog skeleton (D:10)
  A centaur skeleton (D:8)
  An iguana (D:7)
  An orc wizard (D:8)
  5 orcs
  6 kobolds (D:7)
31 creatures vanquished.

Vanquished Creatures (others)
  A hound (D:4)
  8 ancestors
  3 hexers (Bailey)
  An adder (D:10)
  A quokka (D:4)
  18 fungi (D:10)
  6 plants (D:10)
38 creatures vanquished.

Grand Total: 337 creatures vanquished

Notes
Turn   | Place    | Note
-------+----------+-------------------------------------------
     0 | D:1      | inmateoo the Vine Stalker Assassin began the quest for the Orb.
     0 | D:1      | Reached XP level 1. HP: 11/11 MP: 2/2
   777 | D:1      | Reached skill level 5 in Stealth
   854 | D:1      | Reached skill level 1 in Dodging
   854 | D:1      | Reached XP level 2. HP: 13/15 MP: 1/3
   930 | D:2      | Reached skill level 1 in Unarmed Combat
   973 | D:2      | Found a shattered altar of Ashenzari.
  1113 | D:2      | Noticed Robin
  1133 | D:2      | Killed Robin
  1154 | D:2      | Reached XP level 3. HP: 18/18 MP: 4/4
  2026 | D:2      | Reached skill level 2 in Unarmed Combat
  2114 | D:3      | Found a burning altar of Makhleb.
  2120 | D:3      | Gained mutation: Your natural rate of healing is unusually fast. [Vine Stalker growth]
  2120 | D:3      | Reached XP level 4. HP: 23/23 MP: 5/5
  2187 | D:3      | Found a runed door.
  2192 | D:3      | Noticed Crazy Yiuf
  2211 | D:3      | Killed Crazy Yiuf
  2337 | D:3      | Reached XP level 5. HP: 27/27 MP: 6/6
  2565 | D:3      | Reached skill level 3 in Unarmed Combat
  2748 | D:3      | Found a glowing drain.
  2760 | Sewer    | Entered a sewer
  3687 | D:4      | Noticed an ogre
  3688 | D:4      | Found a white marble altar of Elyvilon.
  3690 | D:4      | Killed an ogre
  3690 | D:4      | Reached skill level 4 in Unarmed Combat
  3690 | D:4      | Reached XP level 6. HP: 32/32 MP: 7/7
  3720 | D:4      | Found an ancient bone altar of Kikubaaqudgha.
  3736 | D:4      | Noticed Edmund
  3737 | D:4      | Noticed a phantom
  3773 | D:4      | Killed Edmund
  3816 | D:4      | Reached XP level 7. HP: 21/36 MP: 8/8
  3922 | D:4      | Reached skill level 5 in Unarmed Combat
  3933 | D:4      | Found an iron altar of Okawaru.
  4117 | D:4      | Found a blossoming altar of Fedhas.
  4136 | D:4      | Noticed an oklob plant
  4179 | D:4      | Noticed Pikel
  4199 | D:4      | Killed Pikel
  4199 | D:4      | Reached skill level 6 in Unarmed Combat
  4199 | D:4      | Gained mutation: You have razor-sharp teeth. [Vine Stalker growth]
  4199 | D:4      | Reached XP level 8. HP: 35/42 MP: 6/9
  4305 | D:4      | Found a basalt altar of Yredelemnul.
  4341 | D:4      | Noticed Grinder
  4354 | D:4      | Killed Grinder
  4354 | D:4      | Reached skill level 7 in Unarmed Combat
  4563 | D:5      | Entered Level 5 of the Dungeon
  4563 | D:5      | Noticed Eustachio
  4584 | D:5      | Killed Eustachio
  4750 | D:5      | Found a sacrificial altar of Ru.
  4794 | D:5      | Reached skill level 5 in Fighting
  4816 | D:5      | Reached XP level 9. HP: 47/47 MP: 10/10
  4899 | D:5      | Reached skill level 8 in Unarmed Combat
  5029 | D:5      | Noticed Ijyb
  5037 | D:5      | Killed Ijyb
  5523 | D:6      | Got a brightly glowing scimitar
  5524 | D:6      | Identified the +7 scimitar of War {pain, +Inv rF++ Str+4} (You found it on level 6 of the Dungeon)
  5812 | D:6      | Found a staircase to the Ecumenical Temple.
  5867 | Temple   | Entered the Ecumenical Temple
  5886 | Temple   | Became a worshipper of Hepliaklqana the Forgotten
  6468 | D:7      | Reached skill level 5 in Dodging
  6599 | D:7      | Reached skill level 9 in Unarmed Combat
  6766 | D:7      | Noticed a hand axe
  6766 | D:7      | Noticed a dagger
  6768 | D:7      | Found a hide-covered altar of Uskayaw.
  6800 | D:7      | Identified the Almanac of Venom and the Compass
  6840 | D:7      | Found Diusimon's Antique Weapon Shop.
  7156 | D:7      | Noticed Duvessa
  7156 | D:7      | Noticed Dowan
  7172 | D:7      | Killed Duvessa
  7180 | D:7      | Killed Dowan
  7316 | D:8      | Noticed Gastronok
  7405 | D:8      | Found a bloodstained altar of Trog.
  7416 | D:8      | Reached XP level 10. HP: 29/47 MP: 11/11
  7692 | D:8      | Noticed a two-headed ogre
  7805 | D:7      | Learned a level 1 spell: Apportation
  7885 | D:9      | Noticed Turgon's ghost (novice OpTm)
  7898 | D:9      | Killed Turgon's ghost
  7898 | D:9      | Reached skill level 10 in Unarmed Combat
  7963 | D:9      | Reached * piety under Hepliaklqana
  8262 | D:9      | Learned a level 2 spell: Swiftness
  8366 | D:9      | Noticed a two-headed ogre
  8375 | D:9      | Killed a two-headed ogre
  8375 | D:9      | Reached skill level 1 in Spellcasting
  8841 | D:10     | Entered Level 10 of the Dungeon
  8865 | D:10     | Found a staircase to the Lair.
  8978 | D:10     | Noticed a six-headed hydra
  9027 | D:10     | Killed a six-headed hydra
  9027 | D:10     | Reached XP level 11. HP: 24/52 MP: 7/15
  9165 | D:10     | Reached skill level 11 in Unarmed Combat
  9234 | D:10     | Noticed Erica
  9246 | D:10     | Killed Erica
  9507 | D:8      | Paralysed by a hornet for 3 turns
  9554 | D:8      | Noticed a two-headed ogre
  9558 | D:8      | Killed a two-headed ogre
  9637 | D:8      | Gained mutation: You heal very quickly. [mutagenic meat]
  9638 | D:8      | Gained mutation: You regenerate. [mutagenic meat]
  9764 | D:8      | Killed a two-headed ogre
 10022 | D:11     | Reached ** piety under Hepliaklqana
 10030 | D:11     | Noticed a red ugly thing
 10030 | D:11     | Remembered your ancestor Synnove as a hexer
 10050 | D:11     | Killed a red ugly thing
 10075 | D:11     | Found a flagged portal.
 10098 | Bailey   | Entered a bailey
 10098 | Bailey   | Noticed an orc knight
 10099 | Bailey   | Noticed an orc knight
 10099 | Bailey   | Noticed an orc knight
 10117 | Bailey   | Killed an orc knight
 10167 | Bailey   | Killed an orc knight
 10198 | Bailey   | an orc knight changed into a blink frog
 10272 | Bailey   | Shot with a bolt by an orc warrior

Skill      XL: |  1  2  3  4  5  6  7  8  9 10 11 |
---------------+----------------------------------+-----
Stealth        | 5 7 9 |  9.1
Dodging        | 1 2 4 5 6 7 |  7.0
Unarmed Combat | 1 2 4 6 7 9 10 11 | 11.9
Fighting       | 2 3 4 5 6 7 |  7.7
Short Blades   | 2 4 |  4.7
Spellcasting   | 2 4 |  4.0
Throwing       | |  1.7

Action                   |  1- 3 |  4- 6 |  7- 9 | 10-12 || total
-------------------------+-------+-------+-------+-------++-------
Melee: Dagger            |    93 |   253 |   269 |   331 ||   946
       Bite              |    24 |   144 |   109 |   141 ||   418
       Punch             |     3 |     5 |     9 |    19 ||    36
       Unarmed           |       |    44 |       |       ||    44
       Flail             |       |    13 |       |       ||    13
       Scimitar          |       |       |    23 |     4 ||    27
       Halberd           |       |       |       |    13 ||    13
 Fire: Blowgun           |     1 |     4 |       |       ||     5
Invok: Recall Ancestor   |       |       |       |     2 ||     2
       Ancestor Life: He |       |       |       |     1 ||     1
Evoke: Wand              |       |       |       |    47 ||    47
  Use: Scroll            |     7 |       |    11 |     8 ||    26
       Potion            |       |       |       |     1 ||     1
 Stab: Sleeping          |     4 |    14 |    20 |    16 ||    54
       Distracted        |     1 |       |     1 |     1 ||     3
       Confused          |       |       |       |     3 ||     3
  Eat: Chunk             |     3 |     7 |    10 |     8 ||    28
       Royal jelly       |       |       |     1 |     2 ||     3
       Fruit             |       |       |       |     1 ||     1
Armor: Robe              |     6 |       |       |       ||     6
       Leather armour    |     7 |    38 |    42 |    58 ||   145
Dodge: Dodged            |    26 |    70 |   154 |   227 ||   477
       Rpst.: Scimitar   |       |       |     3 |     2 ||     5
